 Dungeon Crawl Stone Soup version 0.29-a0-92-gee772dd00f (webtiles) character file.

Game seed: 13485728851336563432

6031 Scarletlin the Spear-Bearer (level 10, -1/77 HPs)
             Began as a Demonspawn Abyssal Knight on Feb 10, 2022.
             Was an Elder of Lugonu.
             Killed by divine providence
             ... invoked by an orc priest
              (9 damage)
             ... on level 10 of the Dungeon.
             The game lasted 01:01:06 (11891 turns).

Scarletlin the Spear-Bearer (DsAK)                 Turns: 11891, Time: 01:01:07

Health: -1/77      AC: 25    Str: 15      XL:     10   Next: 56%
Magic:  11/11      EV:  5    Int: 12      God:    Lugonu [****..]
Gold:   516        SH:  4    Dex: 15 (16) Spells: 9/9 levels left

rFire   . . .      SeeInvis .   a - +2 spear
rCold   . . .      Faith    .   (no shield)
rNeg    . . .      Spirit   .   n - +1 plate armour
rPois   .          Reflect  .   (no helmet)
rElec   .          Harm     .   (no cloak)
rCorr   .          Rampage  .   (no gloves)
Will    .....                   (no boots)
Stlth   ..........              (no amulet)
HPRegen 0.22/turn               j - ring of flight
MPRegen 0.12/turn               k - ring of wizardry

@: flying
A: hooves 1, icy blue scales 2, demonic guardian 2, icemail 2, condensation
shield
a: Renounce Religion, Depart the Abyss, Bend Space, Banish, Corrupt


You were on level 10 of the Dungeon.
You worshipped Lugonu.
Lugonu was greatly pleased with you.
You visited 2 branches of the dungeon, and saw 10 of its levels.
You visited the Abyss 1 time.

You collected 516 gold pieces.

Inventory:

Hand Weapons
 a - a +2 spear (weapon)
 c - a +1 dagger of venom
 d - a +4 rapier of holy wrath
 m - a +0 trident
 s - a +2 vorpal mace
 v - a +1 spear
Missiles
 r - 6 poisoned darts (quivered)
Armour
 n - a +1 plate armour (worn)
 w - +0 steam dragon scales
Magical Staves
 h - a staff of conjuration
Jewellery
 i - a ring of fire
 j - a ring of flight (left hand)
 k - a ring of wizardry (right hand)
 q - a ring of magical power
Wands
 f - a wand of digging (15)
 o - a wand of iceblast (3)
Scrolls
 e - a scroll of teleportation
 p - a scroll of fog
 t - 3 scrolls of identify
 x - a scroll of blinking
Potions
 b - 4 potions of flight
 g - 3 potions of attraction
 l - a potion of lignification
 u - a potion of degeneration


   Skills:
 + Level 6.5 Fighting
 * Level 10.8 Polearms
 + Level 7.2 Armour
 + Level 2.1 Dodging
 - Level 0.1 Stealth
 + Level 4.0 Shields
 + Level 2.4 Invocations
 + Level 1.1 Evocations


You had 9 spell levels left.
You didn't know any spells.
Your spell library contained the following spells:

 Spells                   Type           Power      Damage    Failure   Level
 Freeze                   Ice            0%         1d3       99%         1
 Frozen Ramparts          Ice            0%         1d2       100%        3
 Hailstorm                Conj/Ice       0%         3d3       100%        4


Dungeon Overview and Level Annotations

Branches:
Dungeon (10/15)              Lair (1/6) D:10
 Temple: D:4-7          Orc: D:9-12

Altars:
Cheibriados
Fedhas
Hepliaklqana
Okawaru
Uskayaw
Wu Jian
Zin
The Shining One


Innate Abilities, Weirdness & Mutations

You have large cloven feet.
You are mostly covered in icy blue scales. (AC +3)
A demonic guardian rushes to your aid.
A meltable icy envelope protects you from harm. (AC +8)
A meltable shield of frost defends you. (SH +4)


Message History

The orc warrior is almost dead.
The orc warrior hits you from afar with a +0 glaive!
The orc priest casts a cantrip, but nothing happens.
The orc warrior hits you but does no damage.
You closely miss the orc warrior. Your kick misses the orc warrior.
The orc warrior is almost dead.
You completely miss the orc warrior. Your kick misses the orc warrior.
The orc warrior is almost dead.
The orc warrior hits you from afar with a +0 glaive.
* * * LOW HITPOINT WARNING * * *
The orc warrior hits you but does no damage.
You hit the orc warrior. You kick the orc warrior.
You kill the orc warrior!
Lugonu accepts your kill.
The orc warrior hits you from afar with a +0 glaive.
* * * LOW HITPOINT WARNING * * *
A demonic guardian appears!
You closely miss the orc. Your punch misses the orc.
The orc priest looks braver for a moment.
You barely miss the orc. The orc warrior closely misses you.
The orc hits you but does no damage.
You closely miss the orc. You kick the orc.
The orc is heavily wounded.
You swap places.
Your ice devil barely misses the orc.
The orc closely misses your ice devil.
Your ice devil hits the orc!
The orc dies!
Lugonu accepts your kill.
Your ice devil hits the orc priest!
Your ice devil freezes the orc priest!
The orc priest dies!
Lugonu accepts your kill.
Your Shields skill increases to level 4!
You block the orc warrior's attack.
Your ice devil hits the orc warrior but does no damage.
The orc warrior hits you from afar with a +0 glaive!
* * * LOW HITPOINT WARNING * * *
Your ice devil hits the orc warrior.
Your ice devil freezes the orc warrior!
The orc priest mumbles some strange prayers to Beogh against you.
Beogh smites you!
You die...

#o#.#...##.#......#
###)#..# #.#.#.####.#
#...#o#####..#.####.#
...[......o......##.#
#.....#####..#o#.##.#
#......###.#.#.oo...#
##...........###o####
##.############4# #.#
#..@# #.# #...# ##'##
#...# ##...## ##.##
#.....## ###.#
.......## ##.#.#
>.......####....#
........'.......#
........####....#


You could see an orc warrior (ally target), an orc priest, an orc and a friendly
ice devil (summoned).

Vanquished Creatures
  A two-headed ogre (D:10)
  Maurice (D:8)
  A troll (D:10)
  Eustachio (D:4)
  A wyvern (D:7)
  3 yaks (D:9)
  A steam dragon (D:8)
  2 acid dragons
  2 water moccasins
  2 orc warriors
  An ice beast (D:7)
  A black bear (D:7)
  A necrophage (D:8)
  A centaur (D:9)
  A phantom (D:5)
  3 kobold brigands
  3 bullfrogs (D:7)
  A wyvern zombie (D:7)
  3 scorpions
  10 killer bees
  9 wights
  5 howler monkeys
  A bullfrog zombie (D:3)
  A centaur zombie (D:8)
  A jelly (D:4)
  A gnoll shaman (D:9)
  4 orc priests
  An iguana (D:4)
  Natasha (twice) (D:4)
  7 orc wizards
  A hound skeleton (D:4)
  4 gnolls (D:9)
  3 shadow imps
  A white imp (D:7)
  A worm (D:2)
  4 dart slugs
  16 orcs
  5 bats
  6 endoplasms
  A giant cockroach (D:1)
  7 goblins
  10 hobgoblins
  2 jackals (D:4)
  17 kobolds
  4 quokkas
  5 ball pythons
  3 frilled lizards
  7 rats
  A bush (D:1)
170 creatures vanquished.

Vanquished Creatures (collateral kills)
  A troll (D:10)
  A yak (D:9)
  A steam dragon (D:10)
  An orc warrior (D:8)
  A bullfrog (D:7)
  2 orc priests
  An orc wizard (D:8)
  3 orcs
11 creatures vanquished.

Vanquished Creatures (others)
  A lurking horror (Abyss:1)
  8 plants
9 creatures vanquished.

Grand Total: 190 creatures vanquished

Notes
Turn   | Place    | Note
-------+----------+-------------------------------------------
     0 | Abyss:1  | Scarletlin the Demonspawn Abyssal Knight began the quest
                  | for the Orb.
     0 | Abyss:1  | Reached XP level 1. HP: 18/18 MP: 2/2
   107 | D:1      | Escaped the Abyss
   439 | D:1      | Reached * piety under Lugonu
   804 | D:1      | Reached skill level 2 in Polearms
   804 | D:1      | Gained mutation: A meltable shield of frost defends you.
                  | (SH +4) [demonic ancestry]
   804 | D:1      | Reached XP level 2. HP: 15/24 MP: 3/3
   939 | D:1      | Found a faded altar of an unknown god.
  1448 | D:1      | Reached skill level 1 in Dodging
  2055 | D:2      | Gained mutation: A meltable icy envelope protects you from
                  | harm. (AC +8) [demonic ancestry]
  2055 | D:2      | Reached XP level 3. HP: 26/29 MP: 4/4
  2694 | D:3      | Found a hide-covered altar of Uskayaw.
  2990 | D:3      | Noticed a water moccasin
  3014 | D:3      | Killed a water moccasin
  3015 | D:3      | Reached skill level 3 in Polearms
  3015 | D:3      | Gained mutation: You have large cloven feet. [demonic
                  | ancestry]
  3015 | D:3      | Reached XP level 4. HP: 10/37 MP: 5/5
  3015 | D:3      | Gained mutation: A meltable icy envelope protects you from
                  | harm. (AC +8) [demonic ancestry]
  3015 | D:3      | Reached XP level 5. HP: 11/42 MP: 6/6
  3057 | D:3      | Reached skill level 4 in Polearms
  3099 | D:3      | Reached ** piety under Lugonu
  3234 | D:3      | Found a snail-covered altar of Cheibriados.
  3931 | D:4      | Noticed Natasha
  3952 | D:4      | Killed Natasha
  4124 | D:4      | Reached XP level 6. HP: 40/48 MP: 7/7
  4280 | D:4      | Found an ornate altar of the Wu Jian Council.
  4280 | D:4      | Found a hazy altar of Hepliaklqana.
  4656 | D:4      | Reached skill level 1 in Shields
  4665 | D:4      | Reached skill level 5 in Polearms
  4915 | D:4      | Noticed Eustachio
  5097 | D:4      | Noticed Natasha
  5118 | D:4      | Killed Natasha
  5650 | D:4      | HP: 2/48 [river rat[Eustachio] (4)]
  5668 | D:4      | Killed Eustachio
  5669 | D:4      | Gained mutation: A weak demonic guardian rushes to your
                  | aid. [demonic ancestry]
  5669 | D:4      | Reached XP level 7. HP: 39/54 MP: 8/8
  5708 | D:5      | Entered Level 5 of the Dungeon
  5837 | D:5      | Reached skill level 6 in Polearms
  5859 | D:5      | You fall into a shaft and drop 3 floors!
  6079 | D:7      | Gained mutation: A demonic guardian rushes to your aid.
                  | [demonic ancestry]
  6079 | D:7      | Reached XP level 8. HP: 22/61 MP: 9/9
  6724 | D:7      | Reached skill level 7 in Polearms
  6889 | D:7      | Reached skill level 5 in Fighting
  6889 | D:7      | Reached skill level 5 in Armour
  6893 | D:7      | Reached *** piety under Lugonu
  7399 | D:8      | Reached skill level 8 in Polearms
  7399 | D:8      | Gained mutation: You are partially covered in icy blue
                  | scales. (AC +2) [demonic ancestry]
  7399 | D:8      | Reached XP level 9. HP: 34/68 MP: 10/10
  7676 | D:8      | Noticed Maurice
  7775 | D:8      | Killed Maurice
  7776 | D:8      | Reached skill level 1 in Evocations
  7996 | D:8      | Reached skill level 9 in Polearms
  8540 | D:8      | Found a blossoming altar of Fedhas.
  8551 | D:8      | Reached **** piety under Lugonu
  8653 | D:9      | Found an iron altar of Okawaru.
  8943 | D:9      | Gained mutation: You are mostly covered in icy blue scales.
                  | (AC +3) [demonic ancestry]
  8943 | D:9      | Reached XP level 10. HP: 26/76 MP: 11/11
  8985 | D:9      | Reached skill level 10 in Polearms
 10339 | D:10     | Entered Level 10 of the Dungeon
 10432 | D:10     | HP: 1/72 [steam dragon (3)]
 11232 | D:10     | Noticed a two-headed ogre
 11264 | D:10     | Killed a two-headed ogre
 11539 | D:10     | Found a staircase to the Lair.
 11624 | Lair:1   | Entered Level 1 of the Lair of Beasts
 11891 | D:10     | Killed from afar by an orc priest

Illustrated notes

Levels and vault maps discovered:
D:1:      psy_arrival_conway, layout_basic, basic_ecumenical_altar,
          serial_bayou_pond_c
D:2:      layout_basic, dk_vineyard_2, chequers_serial_rivers_micro_b
D:3:      layout_basic, mainiacjoe_overflow_boulevard,
          nicolae_uskayaw_murder_on_the_dancefloor, amcnicky_altar_gilded
D:4:      layout_basic, jmf_multi_god_temple,
          amcnicky_mini_rare_corridor_liquid, minmay_goblin_outpost,
          uniq_eustachio, uniq_natasha
D:5:      lemuel_castle_with_subvaults [lemuel_castle_interior_carwin_3],
          layout_gridville
D:7:      layout_basic, nicolae_overflow_hidden_temple,
          kennysheep_generic_room_9
D:8:      layout_basic, mainiacjoe_overflow_alcove_4, uniq_maurice
D:9:      layout_roguey, okawaru_trees_2
D:10:     layout_loops_corners, dpeg_oklobed_lair, david_orc_5, uniq_snorg
Lair:1:   layout_regular_city, lemuel_fruit_tree, grunt_megastairs_3,
          uniq_maggie

Skill      XL: |  1  2  3  4  5  6  7  8  9 10 |
---------------+-------------------------------+-----
Polearms       | 2 3 4 5 6 8 9 10 | 10.8
Dodging        | 1 2 |  2.1
Armour         | 2 3 4 5 6 7 |  7.2
Fighting       | 4 5 6 |  6.5
Shields        | 1 2 3 4 |  4.0
Evocations     | 1 |  1.1
Stealth        | |  0.1
Invocations    | |  2.4

Action                   |  1- 3 |  4- 6 |  7- 9 | 10-12 || total
-------------------------+-------+-------+-------+-------++-------
Melee: Spear             |   410 |   249 |   481 |   276 ||  1416
       Punch             |     4 |     4 |    10 |     7 ||    25
       Kick              |       |    76 |   171 |    88 ||   335
Throw: Dart              |       |       |     1 |     4 ||     5
Invok: Depart the Abyss  |     1 |       |       |       ||     1
Evoke: Wand              |       |     1 |    11 |     4 ||    16
  Use: Scroll            |     3 |     5 |     4 |     3 ||    15
       Potion            |       |     8 |     3 |     2 ||    13
 Stab: Distracted        |       |       |     1 |       ||     1
Armor: Leather armour    |     8 |       |       |       ||     8
       Ring mail         |    62 |       |       |       ||    62
       Plate armour      |     7 |   264 |   284 |   243 ||   798
Dodge: Dodged            |    83 |    67 |    94 |    79 ||   323
Block: Other             |    30 |    54 |    62 |    55 ||   201

Table legend: (Time is in decaauts)
 A = Elapsed time spent in this place.
 B = Non-inter-level travel time spent in this place.
 C = Inter-level travel time spent in this place.
 D = Time resting spent in this place.
 E = Time spent auto-exploring this place.
 F = Levels seen in this place.
 G = Mean time per level.
                   A        B        C        D        E       F      G
               +--------+--------+--------+--------+--------+-----+--------+
         Total |  11635 |  11298 |    337 |      0 |     62 |  11 | 1057.7 |
       Dungeon |  11526 |  11189 |    337 |      0 |     62 |   9 | 1280.7 |
          Lair |      1 |      1 |      0 |      0 |      0 |   1 |    1.0 |
         Abyss |    107 |    107 |      0 |      0 |      0 |   1 |  107.0 |
               +--------+--------+--------+--------+--------+-----+--------+

Top non-repeatable levels by time:
     D:4: 2116 daAuts
    D:10: 1480 daAuts
     D:8: 1477 daAuts
     D:9: 1441 daAuts
     D:1: 1381 daAuts
     D:7: 1370 daAuts
     D:2: 1183 daAuts
     D:3: 930 daAuts
     D:5: 144 daAuts
 Abyss:1: 107 daAuts
  Lair:1: 1 daAuts
